Map: Lerilak Crest

Players

Crazychris

  • Race: Terran Terran
  • League: Diamond

LilDicky - Winner!

  • Race: Terran Terran
  • League: Diamond

VOD

http://www.twitch.tv/tumescentpie

Description

Time

  • Played on: Dec. 13, 2015, 8:19 p.m.
  • Length: 5:58
Show
View Real Time Build Order
Export as new Build Order

Crazychris Terran 

Build Orders: Reaper Expand 

Get SALT Encoding   

  12  0:00  SCV  
  13  0:13  SCV  
  14  0:18  Supply Depot  
  14  0:25  SCV  
  15  0:40  SCV  
  15  0:41  Barracks  
  16  0:47  Refinery  
  16  0:52  SCV  
  17  1:04  SCV  
  18  1:16  SCV  
  19  1:29  Orbital Command  
  19  1:30  Reaper  
  20  1:46  Command Center  
  20  1:57  SCV  
  20  2:00  Supply Depot  
  21  2:13  Barracks Reactor  
  20  2:25  SCV  
  21  2:35  Refinery  
  21  2:37  SCV  
  21  2:38  Factory  
  22  2:49  SCV, Marine  
  22  2:50  Marine  
  25  3:07  Marine, Orbital Command  
  26  3:20  Marine  
  26  3:22  SCV  
  26  3:24  Hellion  
  26  3:25  Starport  
  30  3:34  SCV x2  
  31  3:35  Marine  
  31  3:39  Marine  
  34  3:52  Factory Tech Lab  
  34  3:55  SCV x2  
  36  3:56  Marine  
  36  4:00  Supply Depot  
  36  4:01  Engineering Bay  
  37  4:08  Marine  
  38  4:11  Siege Tank, Starport Reactor  
  38  4:14  Marine  
  42  4:20  Barracks  
  42  4:21  SCV x2, Barracks  
  44  4:26  Marine  
  45  4:34  SCV  
  45  4:35  SCV, Marine  
  48  4:42  Supply Depot  
  48  4:44  Marine  
  48  4:45  Siege Tank  
  52  4:48  Refinery  
  52  4:49  SCV, Refinery  
  53  4:53  Marine  
  54  5:04  SCV x2  
  54  5:05  Supply Depot x2  
  55  5:11  Missile Turret  
  49  5:21  Missile Turret  
  49  5:22  Marine  
  49  5:23  Marine  
  49  5:34  Marine  
  49  5:35  Marine  
Show
View Real Time Build Order
Export as new Build Order

LilDicky Terran - Winner!

Build Orders: Banshee Rush 

Get SALT Encoding   

  12  0:01  SCV  
  13  0:13  SCV  
  14  0:17  Supply Depot  
  14  0:25  SCV  
  15  0:30  Refinery  
  15  0:39  SCV  
  16  0:45  Barracks  
  16  0:51  SCV  
  17  1:03  SCV  
  18  1:15  SCV  
  19  1:27  SCV  
  20  1:33  Reaper  
  20  1:36  Supply Depot  
  20  1:39  Orbital Command  
  21  1:42  Refinery  
  21  2:12  Reaper  
  21  2:14  SCV  
  22  2:17  Factory  
  22  2:26  SCV  
  23  2:35  Supply Depot  
  23  2:38  SCV  
  24  2:44  Marine  
  24  2:50  SCV  
  25  3:06  Marine  
  25  3:08  Factory Tech Lab  
  25  3:10  Starport  
  26  3:19  SCV  
  26  3:24  Marine  
  27  3:31  SCV  
  28  3:35  Command Center  
  28  3:41  Widow Mine  
  28  3:42  Marine  
  28  3:46  SCV  
  32  3:53  Banshee, Cloaking Field  
  35  3:58  SCV  
  35  4:00  Marine  
  37  4:10  SCV  
  40  4:17  Marine  
  40  4:20  Factory Tech Lab  
  40  4:22  SCV  
  40  4:28  Supply Depot  
  40  4:33  Refinery  
  40  4:34  SCV  
  41  4:41  Banshee  
  41  4:42  Siege Tank  
  47  4:46  SCV, Marine  
  47  4:47  Orbital Command  
  49  4:58  SCV  
  49  4:59  Engineering Bay  
Tags
 
Add a new tag
Caveats
  • Supply blocks, unpowered buildings, or Contaminate may cause inaccurate times.
  • Supply counts are checked every 10 seconds.